← All builds
Air / Cortex / Economy first / OBSERVED BUILD

Standard air

The usual Cortex air game: Aircraft Plant just after the start, Advanced Metal Extractor around 7 minutes and Fusion Reactor around 11 minutes, making transports and fighters for the team while scaling economy normally.

Usually transports first (73%)

#eco #team support #air · 525 distinct matches · 115 players · 79% of Cortex Air games · team won 47% of 590 · Recently observed

HOW TO PLAY IT

Key timing: Aircraft Plant by 1:23

  1. Take 3 mex and open straight into Aircraft Plant.
  2. Finish Aircraft Plant, start pumping Valiant for escort duty.
  3. Get T2 constructor going to scale eco alongside air production.
  4. Add Advanced Metal Extractor to keep pace with team's economy.
  5. Bring Fusion Reactor online, keep making Hercules and Finch for allies.

Phase by phase

TYPICAL OF ITS 525 GAMES
  1. 1
  2. 2
  3. 3
PLAY THE OPENING

Follow the example game's first 6:00 step by step: what to build now, what comes next, and where it goes. At 1× it keeps pace with your own game.

  1. 1

    Up to the Aircraft Plant

    Economy
    • Metal Extractor3Mex
    • Wind Turbine4Wind
    Order
    1. Aircraft PlantAircraft Plant after 3 mex, 4 winddone ~1:21, middle half 1:13–1:34

    Some games also: energy storage (37%)

    By 1:02 in all: 3 mex · 4 wind

    The example game in this phase · 3 steps
    1. Mex ×3
    2. Wind ×6
    3. Aircraft PlantAircraft Plantdone 1:24 · typical 1:21
  2. 2

    Aircraft Plant to 5:00

    Economy
    • Metal Extractor1Mex
    • Wind Turbine9Wind
    • Wind Turbine3Wind
    Builders
    • Construction Turret2 Con turret
    • Construction Aircraft1 Con aircraft
    Army
    • Valiant5 Valiant
    • Finch2 Finch for allies
    • Hercules2 Light transport for allies
    • Shuriken1 Shuriken
    • Hephaestus1 Heavy transport for allies

    Some games also: energy storage (46%) · light transport (44%) · converter (39%) · con turret (33%)

    By 5:00 in all: 3 mex · 1 mex · 13 wind · 3 wind · 1 energy storage · 2 con turret

    The example game in this phase · 17 steps
    1. ShurikenShuriken
    2. FinchFinch ×2for Beach sea
    3. ValiantValiant
    4. HerculesLight transportfor Geo sea
    5. HephaestusHeavy transport ×2for Pond
    6. Energy storage
    7. ValiantValiant
    8. Mex
    9. ValiantValiant ×2
    10. Construction AircraftCon aircraft
    11. ValiantValiant
    12. Con turret
    13. ValiantValiant ×2
    14. HerculesLight transport ×3for Tech
    15. ValiantValiant
    16. Advanced Metal ExtractorT2 mexnot finished by 15:00 · typical 6:50
    17. ValiantValiant
  3. 3

    5:00 to 10:00

    Economy
    • Wind Turbine20Wind
    • Wind Turbine5Wind
    • Energy Converter6Converter
    Order
    1. Aircraft PlantAircraft Plant after 18 wind, 17 wind, 6 converterin 58% of games
    Builders
    • Construction Turret4 Con turret
    Army
    • Valiant9 Valiant
    • Shuriken1 Shuriken

    Some games also: con aircraft (36%) · fusion (32%) · light transport (31%)

    By 10:00 in all: 3 mex · 1 mex · 24 wind · 20 wind · 8 converter · 1 energy storage

    The example game in this phase · 120 steps
    1. ValiantValiant
    2. Con turret
    3. Wind ×9
    4. Advanced Metal ExtractorT2 mex
    5. Wind ×2
    6. Converter ×2
    7. Wind
    8. Converter
    9. Wind
    10. Advanced Metal ExtractorT2 mex
    11. Wind
    12. Converter ×2
    13. Wind
    14. Converter
    15. Wind
    16. Advanced Metal ExtractorT2 mex
    17. Converter
    18. Wind
    19. Converter
    20. Wind
    21. Converter
    22. Advanced Metal ExtractorT2 mex
    23. Wind
    24. Converter
    25. Wind ×3
    26. Converter
    27. Wind ×2
    28. Converter
    29. Aircraft PlantAircraft Plantdone 8:25
    30. Converter ×2
    31. Wind
    32. FalconFighter
    33. Wind
    34. FalconFighter
    35. Converter
    36. Wind
    37. FalconFighter
    38. Converter
    39. Wind
    40. FalconFighter
    41. Converter
    42. FalconFighter
    43. Wind
    44. FalconFighter
    45. Converter
    46. FalconFighter
    47. Converter
    48. Wind
    49. FalconFighter
    50. Converter
    51. FalconFighter
    52. ThistleThistle
    53. FalconFighter
    54. Wind
    55. FalconFighter
    56. Fusion ReactorFusiondone 12:04 · typical 10:55
    57. Wind
    58. FalconFighter
    59. ThistleThistle
    60. FalconFighter ×5
    61. Con turret
    62. FalconFighter
    63. Con turret
    64. FalconFighter
    65. Con turret
    66. FalconFighter
    67. Con turret
    68. FalconFighter ×3
    69. FalconFighter ×2for Pond
    70. FalconFighter
    71. Con turret
    72. FalconFighter
    73. FalconFighterfor Pond
    74. FalconFighter ×3
    75. BansheeBanshee ×2
    76. Wind
    77. BansheeBanshee ×2
    78. Wind
    79. Fusion ReactorFusion
    80. FalconFighter
    81. FalconFighterfor Pond
    82. Wind
    83. FalconFighter ×2
    84. FalconFighterfor Pond
    85. FalconFighter
    86. FalconFighterfor Pond
    87. FalconFighter
    88. Wind
    89. FalconFighter ×2for Pond
    90. FalconFighter ×3
    91. Wind
    92. FalconFighter ×5for Pond
    93. Wind
    94. FalconFighter ×2for Pond
    95. FalconFighter
    96. Wind
    97. FalconFighter ×2
    98. Wind
    99. FalconFighter ×2
    100. Wind
    101. FalconFighter ×2
    102. Wind
    103. FalconFighter ×3
    104. Wind
    105. FalconFighter ×2
    106. Wind
    107. FalconFighter
    108. Construction AircraftCon aircraft
    109. Wind
    110. FalconFighter
    111. Converter
    112. FalconFighter
    113. Advanced Aircraft PlantAdvanced Aircraft Plantnot finished by 15:00
    114. Wind
    115. FalconFighter
    116. Wind
    117. Converter
    118. Wind
    119. Converter
    120. Wind

Counts are medians over the build's games: half of them build more, half fewer. The example game is Deathkebab's (35 OS, 27/08/2026); pick another.

Team trades

IN AT LEAST 30% OF ITS GAMES

You hand over

  • Finch2 Finch to Geo sea or Beach seafirst at 1:51 · in 96% of games
  • Hercules3 Light transport to Tech or Geo sea or Geofirst at 2:05 · in 99% of games
  • Hephaestus1 Heavy transport to Beach sea or Pond or Techfirst at 2:25 · in 75% of games

You get

  • Wind Turbine3 Wind from Beach sea or Geo seafirst at 1:39 · in 66% of games
  • Wind Turbine3 Wind from Beach sea or Geo sea or Pondfirst at 1:44 · in 48% of games
  • Construction Bot1 Con bot from Techfirst at 2:20 · in 84% of games
  • Advanced Construction Bot1 T2 con bot from Techfirst at 6:04 · in 94% of games

How it plays out

Typical game of this build, running totals by minute

Metal produced

010k20k30k
0:005:0010:0015:00

metal

Enemy metal destroyed

01k2k3k
0:005:0010:0015:00

metal

Own metal lost

01k2k3k
0:005:0010:0015:00

metal

590 games.

Show as table
ByMetal produced: This buildEnemy metal destroyed: This buildOwn metal lost: This build
1:0039300
2:0092400
3:00145800
4:002050051
5:00276373102
6:003766125150
7:005129176219
8:007014219285
9:009298248341
10:0011788315470
11:0014397439639
12:0017105603950
13:00199438701236
14:002263713511806
15:002549320022670
WHAT THE NUMBERS SAY

This is the role's standard support job, winning less than half its games while producing little combat impact but reliably feeding transports and scouts to teammates.

  • + Reaches Aircraft Plant almost immediately (1:23), fast T2 constructor by 5:58.
  • + Keeps own losses low (2789 by 15:00) versus other roles.
  • − Destroys only 2027 enemy metal by 15:00, minimal combat contribution.
  • − Fusion Reactor only completes in 57% of games, some games stall on eco.
THE EXAMPLE YOU ARE READING

Deathkebab

35.1 OS · 27/08/2026

Open source match ↗

8 received units · includes a constructor
499 metal received · 44316 energy received

Allied construction assistance is unknown. Timings are observations, not a promise of solo reproducibility.

Typical milestones

Aircraft Plant1:21Middle 50%: 1:13–1:34 · n=590
Advanced Metal Extractor6:50Middle 50%: 6:22–7:27 · n=566
Fusion Reactor10:55Middle 50%: 10:03–12:16 · n=355

Played most by

DRM36games of this buildAdeus32games of this buildCentientWaffle32games of this buildImmort25games of this buildNutzz25games of this build